 Dungeon Sprint DCSS version 0.28.0 (webtiles) character file.

Game seed: 8999830482494967724

2657 boopmooplesden the Fighter (level 9, -20/93 HPs)
             Began as a Minotaur Fighter on Feb 12, 2022.
             Was an Initiate of Okawaru.
             Engulfed by an ice statue's freezing vapour (28 damage)
             ... in the Dungeon (Sprint II: "The Violet Keep of Menkaure").
             The game lasted 00:04:07 (1599 turns).

boopmooplesden the Fighter (Minotaur Fighter)       Turns: 1599, Time: 00:04:07

Health: -20/93     AC: 11    Str: 22    XL:     9   Next: 36%
Magic:  8/8        EV: 11    Int: 11    God:    Okawaru [......]
Gold:   343        SH:  7    Dex: 13    Spells: 8/8 levels left

rFire   . . .      SeeInvis .   m - +8 trident of Big Damage {drain, Int+6}
rCold   . . .      Faith    .   c - +0 buckler
rNeg    . . .      Spirit   .   b - +0 scale mail
rPois   .          Reflect  .   (helmet restricted)
rElec   .          Harm     .   k - scarf {repulsion}
rCorr   .          Rampage  .   l - +1 pair of gloves
Will    .....      NoTele   +   (no boots)
Stlth   ..........              (no amulet)
HPRegen 0.25/turn               (no ring)
MPRegen 0.11/turn               (no ring)

@: repel missiles, very slow
A: horns 2, retaliatory headbutt
a: Renounce Religion


You were in the Dungeon.
You worshipped Okawaru.
Okawaru was noncommittal.
You visited 1 branch You collected 1176 gold pieces.
You spent 833 gold pieces at shops.

Inventory:

Hand Weapons
 a - a +0 war axe of flaming
 d - a +2 war axe of flaming
 m - the +8 trident of Big Damage (weapon) {drain, Int+6}
   (You bought it in a shop in the Dungeon)

   A truly terrible weapon, it drains the life of any living foe it strikes.
   Int:       It affects your intelligence (+6).
Armour
 b - a +0 scale mail (worn)
 c - a +0 buckler (worn)
 k - a scarf of repulsion (worn)
 l - a +1 pair of gloves (worn)
 z - a scarf of shadows
Jewellery
 v - an amulet of guardian spirit
 w - a ring of protection from fire
 y - a ring of poison resistance
Scrolls
 j - a scroll of blinking
 n - a scroll of identify
Potions
 e - 3 potions of curing
 f - 4 potions of heal wounds
 g - a potion of haste
 h - 5 potions of magic
 i - 4 potions of flight
 p - 3 potions of resistance
 t - a potion of attraction
 u - a potion of brilliance


   Skills:
 + Level 13.3 Fighting
 + Level 12.5(13.0) Axes
 + Level 5.2(9.7) Polearms
 + Level 12.5 Armour
 + Level 4.7 Dodging
 + Level 1.2 Stealth
 + Level 12.8 Shields


You had 8 spell levels left.
You didn't know any spells.
Your spell library contained the following spells:

 Spells                   Type           Power      Damage    Failure   Level
 Static Discharge         Conj/Air       0%         N/A       78%         2
 Dispel Undead            Necr           0%         3d6       100%        4
 Sticky Flame             Conj/Fire      0%         2d3       100%        4


Dungeon Overview and Level Annotations

Branches:
Dungeon (1/1)

Altars:
Cheibriados
Dithmenos
Elyvilon
Fedhas
Gozag
Hepliaklqana
Kikubaaqudgha
Makhleb
Nemelex Xobeh
Okawaru
Qazlal
Ru
Sif Muna
Trog
Uskayaw
Vehumet
Wu Jian
Xom
Yredelemnul
Zin
The Shining One
Beogh
Jiyva
Lugonu

Shops:
D !:!==[[*:[[?=(:

Annotations:
D exclusion: oklob plant


Innate Abilities, Weirdness & Mutations

You have a pair of horns on your head.
You reflexively headbutt those who attack you in melee.


Message History

Your +0 war axe of flaming glows red for a moment.
As you read the scroll of enchant weapon, it crumbles to dust.
Your +1 war axe of flaming glows red for a moment.
As you read the scroll labelled VORPHISS TOURUXA, it crumbles to dust.
The air around you briefly surges with heat, but it dissipates.
It was a scroll of immolation.
As you read the scroll labelled ACARGH IKHURGH, it crumbles to dust.
It is a scroll of brand weapon.
Your +0 war axe is engulfed in flames!
a - a +0 war axe of flaming Tentacles burst out of the water! 2 tentacles come into view.
There is an open door here.
You enter the shallow water.
Moving in this stuff is going to be slow.
The tentacle slaps you!! The tentacle slaps you.
You block the tentacle's attack. The tentacle closely misses you.
The tentacle slaps you! x2
A tentacle segment bursts forth from the water.
The tentacle slaps you!
You see here a water moccasin skeleton.
You start resting.
You feel your willpower return.
You start resting.
You start resting.
Tentacles burst out of the water!
A tentacle comes into view.
There is an open door here.
You enter the shallow water.
Moving in this stuff is going to be slow.
The flying skull gives a hideous shriek! x5
As you open the door, it creaks loudly! The ice statue gestures at you.
You close the door.
You are engulfed in freezing vapours.
You are engulfed in freezing vapours.
You are engulfed in freezing vapours.
Ouch! That really hurt!
* * * LOW HITPOINT WARNING * * *
You are engulfed in freezing vapours.
You die...

..##≈≈≈≈≈§≈≈§§#...._._.#§≈§≈####▓
+##≈≈≈≈≈≈≈§≈§≈#..._._._#≈§≈§§##
≈≈≈≈≈≈≈§≈§≈≈#.._._._.#§≈≈≈≈§# #
++#≈≈≈§§§§≈≈#._._._._#≈§≈§§§+ .
##§≈≈###§≈#_._._._.#§≈§≈§§# ##§§
#≈§#._._._..#§§§≈§≈▓
§#+#§≈#.._._._.#≈§§≈▓▓▓
≈§≈≈§≈##########≈≈§§▓zzz
#######°@≈≈≈≈≈≈≈≈≈§≈▓zzz
....###○########≈▓▓▓▓▓▓▓
°....##°# #▓▓ 8..°..+≈# .☼.°○####
.☼°.# ####


There were no monsters in sight!

Vanquished Creatures
  A merfolk siren (D)
  A yaktaur (D)
  3 polar bears (D)
  A hornet (D)
  2 wyverns (D)
  4 water moccasins (D)
  4 necrophages (D)
  4 scorpions (D)
  A hell rat (D)
21 creatures vanquished.

Vanquished Creatures (others)
  Menkaure (D)
  A water moccasin (D)
  16 tentacles (D)
18 creatures vanquished.

Grand Total: 39 creatures vanquished

Notes
Turn   | Place    | Note
-------+----------+-------------------------------------------
     0 | D        | boopmooplesden the Minotaur Fighter began the quest for the
                  | Orb.
     0 | D        | Reached XP level 1. HP: 19/19 MP: 0/0
     1 | D        | Noticed a wyvern
     1 | D        | Noticed a wyvern
     4 | D        | Noticed a necrophage
     4 | D        | Noticed a necrophage
     4 | D        | Noticed a necrophage
     4 | D        | Noticed a necrophage
     8 | D        | Killed a necrophage
     9 | D        | Reached skill level 6 in Fighting
     9 | D        | Reached XP level 2. HP: 17/31 MP: 1/1
     9 | D        | Reached XP level 3. HP: 21/38 MP: 2/2
     9 | D        | Reached XP level 4. HP: 25/45 MP: 3/3
    11 | D        | Killed a necrophage
    12 | D        | Reached skill level 8 in Fighting
    12 | D        | Reached skill level 5 in Axes
    12 | D        | Reached XP level 5. HP: 23/53 MP: 4/4
    13 | D        | Killed a necrophage
    14 | D        | Reached skill level 9 in Fighting
    16 | D        | Killed a necrophage
    17 | D        | Reached XP level 6. HP: 27/64 MP: 5/5
   132 | D        | Killed Menkaure
   207 | D        | Reached skill level 10 in Fighting
   211 | D        | Reached skill level 10 in Armour
   216 | D        | Reached skill level 10 in Shields
   216 | D        | Reached XP level 7. HP: 55/73 MP: 6/6
   316 | D        | Noticed a merfolk siren
   331 | D        | Killed a merfolk siren
   332 | D        | Reached skill level 11 in Fighting
   332 | D        | Reached skill level 1 in Dodging
   426 | D        | Killed a wyvern
   427 | D        | Reached XP level 8. HP: 70/83 MP: 7/7
   431 | D        | Reached skill level 12 in Fighting
   431 | D        | Reached skill level 10 in Axes
   606 | D        | Found Hecadeiq's Book Shop.
   606 | D        | Found Bovver's Antique Weapon Boutique.
   606 | D        | Found Jescholi's Antique Armour Shop.
   606 | D        | Found Isomm's Magic Scroll Shop.
   606 | D        | Found Adeosay's Book Boutique.
   606 | D        | Found Fiysicon's Armour Boutique.
   606 | D        | Found Zitwodo's General Store.
   607 | D        | Found Xeib's Antique Armour Shop.
   608 | D        | Found Ydde's Antique Armour Shop.
   608 | D        | Found Pucw's Jewellery Boutique.
   609 | D        | Found Xatwumiesh's Jewellery Boutique.
   633 | D        | Found Romuts's Jewellery Shop.
   633 | D        | Found Katolluo's Distillery.
   633 | D        | Noticed a fire dragon
   633 | D        | Noticed an oklob plant
   634 | D        | Found Yqoets's Distillery.
   634 | D        | Found Jehawouk's Book Shoppe.
   634 | D        | Noticed a manticore
   634 | D        | Noticed a manticore
   634 | D        | Noticed a manticore
   650 | D        | Bought a runed war axe for 182 gold pieces
   816 | D        | Bought a glowing scarf for 208 gold pieces
   824 | D        | Noticed a polar bear
   825 | D        | Noticed a polar bear
   826 | D        | Bought a pair of gloves for 108 gold pieces
   837 | D        | Bought a scroll of enchant armour for 97 gold pieces
   845 | D        | Bought a twisted trident for 238 gold pieces
   845 | D        | Identified the +8 trident of Big Damage {drain, Int+6} (You
                  | bought it in a shop in the Dungeon)
   867 | D        | Found a snail-covered altar of Cheibriados.
   868 | D        | Found a shadowy altar of Dithmenos.
   868 | D        | Found a viscous altar of Jiyva.
   869 | D        | Found a white marble altar of Elyvilon.
   869 | D        | Found an ancient bone altar of Kikubaaqudgha.
   869 | D        | Found a hazy altar of Hepliaklqana.
   869 | D        | Found a sacrificial altar of Ru.
   870 | D        | Found a blossoming altar of Fedhas.
   870 | D        | Found a corrupted altar of Lugonu.
   870 | D        | Found a shimmering blue altar of Sif Muna.
   870 | D        | Found a stormy altar of Qazlal.
   870 | D        | Found an ornate altar of the Wu Jian Council.
   871 | D        | Found an opulent altar of Gozag.
   871 | D        | Found a burning altar of Makhleb.
   871 | D        | Found a bloodstained altar of Trog.
   871 | D        | Found a shimmering altar of Xom.
   871 | D        | Noticed a polar bear
   871 | D        | Noticed a polar bear
   873 | D        | Found a sparkling altar of Nemelex Xobeh.
   873 | D        | Found a hide-covered altar of Uskayaw.
   874 | D        | Found a basalt altar of Yredelemnul.
   874 | D        | Noticed a yaktaur
   875 | D        | Found an iron altar of Okawaru.
   875 | D        | Found a radiant altar of Vehumet.
   875 | D        | Found a glowing silver altar of Zin.
   875 | D        | Noticed a polar bear
   876 | D        | Found a glowing golden altar of the Shining One.
   880 | D        | Killed a polar bear
   880 | D        | Noticed a hornet
   881 | D        | Reached skill level 1 in Polearms
   884 | D        | Killed a yaktaur
   888 | D        | Killed a hornet
   889 | D        | Reached XP level 9. HP: 92/92 MP: 8/8
   889 | D        | Killed a polar bear
   890 | D        | Reached skill level 13 in Fighting
   890 | D        | Reached skill level 1 in Stealth
   894 | D        | Killed a polar bear
   902 | D        | Became a worshipper of Warmaster Okawaru
   997 | D        | Noticed a kraken
  1022 | D        | Reached skill level 5 in Polearms
  1591 | D        | Noticed an ice statue
  1599 | D        | Engulfed by an ice statue's freezing vapour

Illustrated notes

Levels and vault maps discovered:
D:        the_violet_keep_of_menkaure [sprint2_stairs_cluster_1,
          sprint2_shoproom, sprint2_temple, sprint2_basic_supplies,
          sprint2_obstacle_1, sprint2_obstacle_2, sprint2_obstacle_4,
          sprint2_obstacle_3, sprint2_obstacle_6, sprint2_timed_cluster_1,
          sprint2_smallroom_cluster_1, sprint2_smallroom_final_cluster_1,
          sprint2_transparent_cluster_1, sprint2_second_timed_cluster_1,
          sprint2_sniper_area_1, sprint2_heavy_combat_area_1,
          sprint2_mutation_trap_area_1, sprint2_forest_area_1,
          sprint2_light_combat_area_1, sprint2_behind_water_1,
          sprint2_near_end_vault_1]

Skill      XL: |  1  2  3  4  5  6  7  8  9 |
---------------+----------------------------+-----
Fighting       | 6 8 9 10 11 12 13 | 13.3
Axes           | 4 5 6 7 9 12 | 12.5
Armour         | 6 7 9 10 11 12 | 12.5
Shields        | 6 7 9 10 11 12 | 12.8
Dodging        | 1 3 4 |  4.7
Polearms       | 2 5 |  5.2
Stealth        | 1 |  1.2

Action                   |  1- 3 |  4- 6 |  7- 9 || total
-------------------------+-------+-------+-------++-------
Melee: War axe           |     3 |    20 |    47 ||    70
       Headbutt          |       |     4 |    16 ||    20
       Trident           |       |       |    34 ||    34
  Use: Potion            |     1 |       |     1 ||     2
       Scroll            |       |       |    11 ||    11
Armor: Scale mail        |       |     4 |    34 ||    38
Dodge: Dodged            |     2 |     8 |    37 ||    47
Block: Buckler           |       |     6 |    54 ||    60
